 Dungeon Crawl Stone Soup version 0.30-a0-341-g682706514a (webtiles) character file.

Game seed: 12979166150563002720

48 KKCryptic the Chopper (level 3, 0/30 HPs)
             Began as a Minotaur Gladiator on Nov 5, 2022.
             Slain by a gnoll
             ... wielding a +0 flail
              (7 damage)
             ... on level 2 of the Dungeon.
             The game lasted 00:07:35 (1308 turns).

KKCryptic the Chopper (Minotaur Gladiator)          Turns: 1308, Time: 00:07:36

Health: 0/30       AC:  6    Str: 20    XL:     3   Next: 50%
Magic:  2/2        EV: 10    Int:  8    God:
Gold:   20         SH:  0    Dex: 11    Spells: 2/2 levels left

rFire   . . .      SeeInvis .    o - +0 mace of Wu Jian's Esteem {flame, Will+ Int+3}
rCold   . . .      Faith    .    (no shield)
rNeg    . . .      Spirit   .    m - +0 scale mail
rPois   .          Reflect  .    c - +0 hat
rElec   .          Harm     .    (no cloak)
rCorr   +          Rampage  .    (no gloves)
Will    +....                    (no boots)
Stlth   ..........               (no amulet)
HPRegen 0.25/turn                l - ring of resist corrosion
MPRegen 0.08/turn                (no ring)

@: no status effects
A: horns 2, retaliatory headbutt
a: no special abilities


You were on level 2 of the Dungeon.
You visited 1 branch of the dungeon, and saw 2 of its levels.

You collected 20 gold pieces.

Inventory:

Hand Weapons
 a - a +0 war axe
 o - the +0 mace of Wu Jian's Esteem (weapon) {flame, Will+ Int+3}
   (You found it on level 2 of the Dungeon)

   It burns those it strikes, dealing additional fire damage.
   Int:       It affects your intelligence (+3).
   Will:      It increases your willpower.
Missiles
 d - 2 throwing nets (quivered)
 e - a javelin
 h - 6 poisoned darts
Armour
 c - a +0 hat (worn)
 m - a +0 scale mail (worn)
Jewellery
 l - a ring of resist corrosion (left hand)
Scrolls
 f - a scroll of amnesia {unknown}
 i - a scroll of noise {unknown}
 k - a scroll of teleportation {unknown}
 n - a scroll of enchant armour {unknown}
Potions
 b - 2 potions of curing
 g - 3 potions of invisibility
 j - a potion of lignification
 p - a potion of berserk rage {unknown}


   Skills:
 - Level 2.4 Fighting
 + Level 5.5 Axes
 - Level 2.0 Throwing
 - Level 3.2 Dodging


You had 2 spell levels left.
You didn't know any spells.
Your spell library contained the following spells:

 Spells                   Type           Power      Damage    Failure   Level
 Conjure Ball Lightning   Conj/Air       0%         3x3d7     100%        6
 Discord                  Hex            0%         N/A       100%        8
 Disjunction              Tloc           0%         N/A       100%        8


Dungeon Overview and Level Annotations

Branches:
Dungeon (2/15)

Altars:

Shops:
D:1 =:   D:2 [!


Innate Abilities, Weirdness & Mutations

You have a pair of horns on your head.
You reflexively headbutt those who attack you in melee.


Message History

A gnoll comes into view. It is wielding a +0 flail.
The gnoll shouts!
A gnoll comes into view. It is wielding a +0 whip.
A kobold comes into view. It is wielding a +0 short sword.
A goblin comes into view.
It is wielding a +1 dagger of holy wrath.
The kobold shouts!
The gnoll shouts!
You hear an angry hiss.
The kobold hits you but does no damage.
An endoplasm comes into view.
The endoplasm quivers.
You hit the goblin. You burn the goblin.
The goblin is heavily wounded.
The goblin hits you with a +1 dagger of holy wrath.
The kobold hits you but does no damage. The gnoll attacks as you move away!
The gnoll hits you with a +0 flail. The kobold attacks as you move away!
The kobold misses you.
You barely miss the goblin.
The goblin is heavily wounded.
The goblin hits you with a +1 dagger of holy wrath.
You sock the goblin! You burn the goblin.
You kill the goblin!
A ball python comes into view.
You hit the gnoll. You burn the gnoll.
The gnoll is lightly wounded.
The gnoll barely misses you.
You closely miss the gnoll.
The gnoll is lightly wounded.
The gnoll hits you with a +0 flail! The gnoll closely misses you.
You closely miss the gnoll.
The gnoll is lightly wounded.
The gnoll hits you with a +0 flail.
* * * LOW HITPOINT WARNING * * *
Sorry, you're not good enough to have a special ability.
Throw: 3 throwing nets
Press: ? - help, Q - select action, (/) - cycle Shift-Dir - straight line, f - gnoll
Aim: a gnoll, wielding a +0 flail (lightly wounded, 61% to hit)
You throw a throwing net.
The throwing net closely misses the gnoll.
The throwing net hits the kobold.
The kobold is caught in the net!
The gnoll hits you with a +0 flail!
You die...

####.# #.# #.####
#....# # #..#.# #.
#..#.#####.#. ##
#...........## #.##
##.#.#######.## #...
#.#.# #.@###..#
#####.#.# #.#g#..#
......#.#######.##Kg#
#....<.........)...##
#.################..#
#># #g#.# #.# #.##.#
#.# #J# .. #.# #.# #.


You could see 2 gnolls and a kobold (caught).

Vanquished Creatures
  2 gnolls
  4 bats
  An endoplasm (D:1)
  3 giant cockroaches (D:1)
  4 goblins
  3 hobgoblins
  A jackal (D:1)
  2 quokkas (D:1)
  2 ball pythons (D:1)
  A frilled lizard (D:1)
  A kobold (D:1)
  3 rats
27 creatures vanquished.

Vanquished Creatures (others)
  A plant (D:1)
  2 withered plants (D:2)
3 creatures vanquished.

Grand Total: 30 creatures vanquished

Notes
Turn   | Place    | Note
-------+----------+-------------------------------------------
     0 | D:1      | KKCryptic the Minotaur Gladiator began the quest for the
                  | Orb.
     0 | D:1      | Reached XP level 1. HP: 18/18 MP: 0/0
    78 | D:1      | Reached skill level 4 in Axes
    86 | D:1      | Reached XP level 2. HP: 8/25 MP: 1/1
   156 | D:1      | Found Voex's Vocational Training.
   545 | D:1      | Reached skill level 5 in Axes
   591 | D:1      | Reached XP level 3. HP: 30/30 MP: 2/2
   775 | D:1      | Found Uxejocuc's One-of-a-Kind Rings.
  1106 | D:2      | Found Iwnoc's Armour Emporium.
  1125 | D:2      | Found Ydaifroa's Distillery.
  1180 | D:2      | Identified the +0 mace of Wu Jian's Esteem {flame, Will+
                  | Int+3}
  1308 | D:2      | Slain by a gnoll

Illustrated notes

Levels and vault maps discovered:
D:1:      onia_arrival_mini_maze_b, layout_basic, serial_forest,
          infiniplex_forest_clump_curved, infiniplex_forest_lined_2,
          infiniplex_forest_straight_4, infiniplex_forest_lined_corner,
          infiniplex_forest_lined_4_way, infiniplex_forest_lined_3,
          infiniplex_forest_end_2, infiniplex_forest_end_1, dk_noncrumbling_3,
          st_stairs_13, minmay_misc_feat_hallway, nicolae_shop_unique_rings,
          dreamdust_mushroom_princess, nicolae_shop_vocational
D:2:      layout_loops_ring, serial_shops, nicolae_shop_behind_doors, shop,
          shop, nicolae_square_shop, ebering_ecumenical_altar_petrified

Skill      XL: |  1  2 |
---------------+-------+-----
Axes           | 4 5 |  5.5
Fighting       | |  2.4
Throwing       | |  2.0
Dodging        | |  3.2

Action                   || total
-------------------------++-------
Melee: War axe           ||    53
       Headbutt          ||    11
       Mace              ||     9
Throw: Throwing net      ||     1
  Use: Scroll            ||     3
Armor: Scale mail        ||    24
       Ring mail         ||     1
Dodge: Dodged            ||    42

Table legend: (Time is in decaauts)
 A = Elapsed time spent in this place.
 B = Non-inter-level travel time spent in this place.
 C = Inter-level travel time spent in this place.
 D = Time resting spent in this place.
 E = Time spent auto-exploring this place.
 F = Levels seen in this place.
 G = Mean time per level.
                   A        B        C        D        E       F      G
               +--------+--------+--------+--------+--------+-----+--------+
         Total |   1322 |   1269 |     53 |     62 |    973 |   2 |  661.0 |
       Dungeon |   1322 |   1269 |     53 |     62 |    973 |   2 |  661.0 |
               +--------+--------+--------+--------+--------+-----+--------+

Top non-repeatable levels by time:
     D:1: 1042 daAuts
     D:2: 280 daAuts
